 Dungeon Crawl Stone Soup version 0.24-a0-123-ga2403f3 (webtiles) character file.

Game seed: 5071541529685478789

53 vulsuck the Vexing (level 3, -3/14 HPs)
             Began as a Felid Enchanter on Feb 23, 2019.
             Slain by a bullfrog skeleton (5 damage)
             ... on level 2 of the Dungeon.
             The game lasted 00:11:22 (2057 turns).

vulsuck the Vexing (Felid Enchanter)                Turns: 2057, Time: 00:11:23

Health: -3/14      AC:  1    Str:  4    XL:     3   Next: 62%
Magic:  6/7        EV: 19    Int: 17    God:
Gold:   127        SH:  0    Dex: 16    Spells: 3/6 levels left
                                        Lives:  0   Deaths: 0

rFire    . . .     SeeInvis +     - Unarmed
rCold    . . .     Gourm    .   (shield unavailable)
rNeg     . . .     Faith    .   (armour unavailable)
rPois    .         Spirit   .   (helmet unavailable)
rElec    .         Reflect  .   (cloak unavailable)
rCorr    .         Harm     .   (gloves unavailable)
MR       .....                  (boots unavailable)
Stlth    +++.......             (no amulet)
HPRegen  0.04/turn              (no ring)
MPRegen  0.10/turn              (no ring)

@: quick
A: very small, no armour, no weapons or thrown items, stealth, claws 1, fangs 3,
see invisible, carnivore, speed 1, shaggy fur 1, slow metabolism 1, sharp paws
a: no special abilities


You were on level 2 of the Dungeon.
You were completely stuffed.

You visited 1 branch of the dungeon, and saw 2 of its levels.

You collected 127 gold pieces.

Inventory:

Jewellery
 a - a cursed ring of attention {unknown}
 g - an uncursed amulet of rage {unknown}
 k - an uncursed ring of magical power {unknown}
Scrolls
 e - a scroll of identify {unknown}
 i - a scroll of noise {unknown}
 j - a scroll of random uselessness {unknown}
Potions
 c - 4 potions of curing {unknown}
 d - 2 potions of haste {unknown}
 f - 2 potions of cancellation {unknown}
Comestibles
 b - 4 rations
 h - 2 chunks of flesh


   Skills:
 + Level 3.8 Dodging
 - Level 4.1 Stealth
 + Level 2.1 Unarmed Combat
 - Level 2.0 Spellcasting
 + Level 5.2 Hexes


You had 3 spell levels left.
You knew the following spells:

 Your Spells              Type           Power        Failure   Level  Hunger
a - Corona                Hex            ###....      2%          1    #......
b - Ensorcelled Hibernat  Hex/Ice        ##....       10%         2    ###....

Your spell library contained the following spells:

 Spells                   Type           Power        Failure   Level  Hunger
 Confuse                  Hex            ###.....     7%          3    ###....
 Tukima's Dance           Hex            ###.....     7%          3    ###....
 Dazzling Spray           Conj/Hex       ##....       21%         3    ###....


Dungeon Overview and Level Annotations

Branches:
Dungeon (2/15)

Altars:
The Shining One

Annotations:
D:2 Sigmund


Innate Abilities, Weirdness & Mutations

You cannot wear armour.
You are incapable of wielding weapons or throwing items.
Your paws allow you to move quietly. (Stealth)
You have sharp claws.
You have razor-sharp teeth.
You have supernaturally acute eyesight. (SInv)
You are carnivorous and can eat meat at any time.
You cover ground quickly.
You are covered in fur. (AC +1)
You have a slow metabolism.
Your sharp claws are effective at attacking unaware monsters.


Message History

A bullfrog skeleton comes into view.
Casting: Ensorcelled Hibernation (safe; 10% risk of failure)
Confirm with . or Enter, or press ? or * to list all spells.
Aiming: Corona (safe; 2% risk of failure)
Press: ? - help, Shift-Dir - straight line, f - bullfrog skeleton
Aim: a bullfrog skeleton (hasn't noticed you, chance to defeat MR: 70%)
The bullfrog skeleton is outlined in light.
You scratch the bullfrog skeleton.
The bullfrog skeleton is lightly damaged.
The bullfrog skeleton misses you.
You scratch the bullfrog skeleton.
The bullfrog skeleton is moderately damaged.
The bullfrog skeleton hits you.
You scratch the bullfrog skeleton.
The bullfrog skeleton is moderately damaged.
The bullfrog skeleton hits you!
Ouch! That really hurt!
* * * LOW HITPOINT WARNING * * *
The bullfrog skeleton hits you.
You die...

### #.# #.########
### #.....Z... ..#
#Z######## #.# #@#
#.# #.# #.# #.#
#.# #.#
#.##############.#
.............>##.#
####.##.#####.##.#
#.##.#####.##.#
#.##.#.....##.#


You could see a bullfrog skeleton.

Vanquished Creatures
  An adder (D:2)
  2 worms
  2 dart slugs (D:1)
  2 leopard geckos
  3 giant cockroaches
  A goblin (D:2)
  6 hobgoblins (D:1)
  A ball python (D:2)
  6 bats
  6 kobolds
  2 rats
32 creatures vanquished.

Notes
Turn   | Place    | Note
-------+----------+-------------------------------------------
     0 | D:1      | vulsuck the Felid Enchanter began the quest for the Orb.
     0 | D:1      | Reached XP level 1. HP: 7/7 MP: 4/4
   263 | D:1      | Reached XP level 2. HP: 2/11 MP: 4/6
   934 | D:1      | Learned a level 2 spell: Ensorcelled Hibernation
  1081 | D:1      | Reached skill level 5 in Hexes
  1278 | D:1      | Found a glowing golden altar of the Shining One.
  1334 | D:1      | Reached XP level 3. HP: 8/14 MP: 7/7
  1822 | D:2      | Noticed Sigmund
  2057 | D:2      | Slain by a bullfrog skeleton

Levels and vault maps discovered:
D:1:      evilmike_arrival_run_for_it, layout_rooms, nrook_campfire,
          hangedman_feature_mirror, tso_metal_star
D:2:      layout_basic, uniq_sigmund

Skill      XL: |  1  2  3 |
---------------+----------+-----
Dodging        | 3 |  3.8
Hexes          | 5 |  5.2
Unarmed Combat | 2 |  2.1
Stealth        | |  4.1
Spellcasting   | |  2.0

Action                   || total
-------------------------++-------
Melee: Unarmed           ||   139
       Bite              ||    12
 Cast: Corona            ||     4
       Ensorcelled Hiber ||     6
 Stab: Sleeping          ||     7
  Eat: Chunk             ||    10
Armor: Skin              ||    10
Dodge: Dodged            ||   109

Table legend:
 A = Non-vault XP
 B = Vault XP
 C = Vault XP percentage of total XP
 D = Non-vault monster count
 E = Vault monster count
 F = Vault count percentage of total count
                 A         B        C        D         E       F
            +---------+---------+-------+---------+---------+-------
      Total |      67 |       9 |  11.8 |      29 |       3 |   9.4
            +---------+---------+-------+---------+---------+-------
        D:1 |      37 |       9 |  19.6 |      20 |       3 |  13.0
        D:2 |      30 |       0 |   0.0 |       9 |       0 |   0.0
            +---------+---------+-------+---------+---------+-------
